 Dungeon Crawl Stone Soup version 0.30.0-21-gd299b56b3f (webtiles) character file.

Game seed: 5986148230611899168

14503 qw the Cleaver (level 12, -11/76 HPs)
             Began as a Gargoyle Fighter on June 2, 2023.
             Was a High Priest of Okawaru.
             Mangled by a balrug
             ... wielding a +1 demon whip of draining
              (23 damage)
             ... in a Gauntlet.
             The game lasted 00:04:46 (8980 turns).

qw the Cleaver (Gargoyle Fighter)                   Turns: 8980, Time: 00:04:46

Health: -11/76     AC: 39    Str: 25    XL:     12   Next: 17%
Magic:  16/18      EV:  9    Int:  9    God:    Okawaru [*****.]
Gold:   158        SH: 11    Dex:  9    Spells: 11/11 levels left

rFire   . . .        Y - +3 war axe (protect)
rCold   . . .        c - +0 buckler
rNeg    + + .        j - +1 plate armour
rPois   inf          n - +1 helmet
rElec   +            g - +2 cloak
rCorr   .            (no gloves)
SInv    .            (no boots)
Will    +....        p - amulet of reflection Stlth
                     i - ring of positive energy
HPRegen 0.32/turn    v - ring of willpower
MPRegen 0.16/turn

%: no teleportation, reflection
@: heroic, under a protective aura
A: sickness immunity, AC +8, negative energy resistance 1, electricity
resistance, torment resistance 1, petrification resistance
a: Renounce Religion, Heroism, Finesse, Duel


You were in a Gauntlet.
You worshipped Okawaru.
Okawaru was extremely pleased with you.
You visited 3 branches of the dungeon, and saw 12 of its levels.
You also visited: Gauntlet.

You collected 735 gold pieces.
You spent 577 gold pieces at shops.


Innate Abilities, Weirdness & Mutations

You are immune to sickness and miasma.
Your stone body is resilient. (AC +8)
You are immune to poison.
You resist negative energy. (rN+)
You are resistant to electric shocks. (rElec)
You are resistant to unholy torment.
You are immune to petrification.


   Skills:
 - Level 9.4(14.4) Fighting
 - Level 12.0(17.0) Axes
 - Level 2.2(7.2) Throwing
 + Level 8.4(13.4) Armour
 - Level 2.0(7.0) Dodging
 - Level 6.0(11.0) Shields
 + Level 8.7 Invocations


You had 11 spell levels left.
You didn't know any spells.
Your spell library was empty.

Inventory:

Hand Weapons
 k - a +2 war axe of holy wrath
 t - a +0 morningstar
 Y - a +3 war axe of protection (weapon)
Missiles
 q - 2 silver boomerangs (quivered)
Armour
 c - a +0 buckler (worn)
 g - a +2 cloak (worn)
 j - a +1 plate armour (worn)
 n - a +1 helmet (worn)
Jewellery
 i - a ring of positive energy (left hand)
 p - an amulet of reflection (around neck)
 s - a ring of ice
 u - a ring of ice
 v - a ring of willpower (right hand)
Scrolls
 a - 5 scrolls of identify
 o - 7 scrolls of teleportation
Potions
 b - 2 potions of lignification
 d - 4 potions of might
 e - 5 potions of curing
 f - 2 potions of attraction
 h - a potion of haste
 l - a potion of heal wounds
 m - a potion of mutation
 r - 3 potions of cancellation

Dungeon Overview and Level Annotations

Branches:
Dungeon (10/15)            Temple (1/1) D:5            Lair (1/5) D:10
Gauntlet (1/1)
    Orc: D:9-12

Altars:
Ashenzari
Cheibriados
Dithmenos
Elyvilon
Fedhas
Gozag
Hepliaklqana
Kikubaaqudgha
Makhleb
Nemelex Xobeh
Okawaru
Qazlal
Ru
Sif Muna
Trog
Uskayaw
Vehumet
Wu Jian
Xom
Yredelemnul
Zin
The Shining One

Shops:
D:1 (   D:5 =   D:7 :   D:9 *   D:10 *

Annotations:
D:1 1 transporter Gauntlet 9 transporters, 5 runed translucent doors


Message History

8960 ||| ENCHANTING +0 helmet.
You now have 158 gold pieces (gained 38).
Partly explored, unvisited transporter.
Partly explored, unvisited transporter.
There is a transporter here.
Partly explored, unvisited transporter.
You enter the transporter and appear at another place.
The balrug shouts!
Partly explored, unvisited transporter.
There is a transporter here.
Partly explored, unvisited transporter.
You enter the transporter and appear at another place.
The balrug hits you but does no damage.
There is a transporter landing site here.
You barely miss the balrug. You block the balrug's attack.
You hit the balrug.
Your weapon exudes an aura of protection.
The balrug is lightly wounded.
The balrug gestures at you.
The fireball explodes!
The fireball engulfs you!!
The fireball engulfs the balrug.
The balrug completely resists.
The balrug gestures at you. The bolt of fire hits you!!
8978 ||| DRINKING 2 potions of heal wounds.
You feel much better. The balrug gestures at you.
The fireball explodes!
The fireball engulfs you!!
The fireball engulfs the balrug.
The balrug completely resists.
8979 ||| INVOKING Heroism.
You gain the combat prowess of a mighty hero.
The balrug gestures at you.
You block sticky flame... and reflect it back!
The sticky flame hits the balrug.
The balrug completely resists.
The balrug is covered in liquid flames!
You hit the balrug.
The balrug is lightly wounded.
The balrug hits you with a +1 demon whip of draining!
You are engulfed in flames!!
You die...

##~###~###~###~###~##
#~~~#~~~#~~~#~~~#~~~####
#~..................~~#
##...#########...P...~#
##~.7.##.#.#.##.7P..P..####
#~~...#?#.#.#.#.........~~#
##~...##!#.#.####.7.7.7..~#
##...#^#^#2#.#^#.........#
##~.7.##.#@#.##.#########..
#~~.P.#=#.#.#.#.#....##.#..
##~...##.#.#.##.##..##..#..
##...#########.###.#...###
##~.7.........#^#^##.##.#^#
#~~...#########.#...#.###.# #.
##~...#...#Bss#.#..##%.##.#
#.7. ##...#!#.#.#.#.#.##^)..#.#
#...##..7.#[#.#.#.#.#########.#


You could see a balrug (burning), an entropy weaver and a wolf spider.

Vanquished Creatures
  Gastronok (D:10)
  A hydra (Lair:1)
  A boulder beetle (Lair:1)
  3 two-headed ogres
  A fire crab (Gauntlet)
  A necromancer (Gauntlet)
  A cyclops (D:7)
  A black mamba (Lair:1)
  A cane toad (Lair:1)
  Joseph (D:7)
  2 komodo dragons (Lair:1)
  A troll (D:10)
  Grinder (D:3)
  4 blink frogs (Lair:1)
  Prince Ribbit (D:9)
  Sigmund (D:3)
  9 yaks
  A wraith (D:10)
  A wyvern (D:10)
  3 fire bats (Gauntlet)
  2 steam dragons
  5 water moccasins
  5 black bears
  2 ice beasts
  A sky beast (D:7)
  4 wolves (Gauntlet)
  3 centaurs
  2 phantoms
  A kobold brigand (D:9)
  3 scorpions
  3 bullfrogs
  A gnoll sergeant (D:6)
  8 wights
  6 killer bees (D:7)
  5 howler monkeys
  3 hounds
  A jelly (D:6)
  Jessica (D:3)
  Ijyb (D:3)
  3 iguanas
  7 orc wizards
  8 gnolls
  6 adders
  3 white imps
  An ufetubus (D:5)
  4 worms
  2 dart slugs
  28 orcs
  2 ball pythons
  4 bats
  8 endoplasms
  3 giant cockroaches
  4 hobgoblins
  6 jackals
  10 kobolds
  3 frilled lizards
  6 goblins
  6 rats
207 creatures vanquished.

Notes
Turn   | Place    | Note
-------+----------+-------------------------------------------
     0 | D:1      | qw the Gargoyle Fighter began the quest for the Orb.
     0 | D:1      | Reached XP level 1. HP: 14/14 MP: 1/1
     0 | D:1      | 0 ||| qw: Version: 0.2-a-102-gdf20003
     0 | D:1      | 0 ||| qw: Game counter: 845
     0 | D:1      | 0 ||| qw: Always use a shield: true
     0 | D:1      | 0 ||| qw: God list: Okawaru
     0 | D:1      | 0 ||| qw: Allow faded altars: false
     0 | D:1      | 0 ||| qw: Do Orc after D:15 true
     0 | D:1      | 0 ||| qw: Do second Lair branch before Depths: true
     0 | D:1      | 0 ||| qw: Lair rune preference: random
     0 | D:1      | 0 ||| qw: Plans: Normal, Zot:1-4, Slime:5, God:TSO, Crypt,
                  | Tomb, Pan, Hells, Abyss, Win
     0 | D:1      | 0 ||| PLANNING D:1-11
    62 | D:1      | Found Woirott's Weapon Shop.
    69 | D:1      | 69 ||| SHOPLISTING +0 whip (35 gold, have 0).
   163 | D:1      | Reached skill level 2 in Axes
   203 | D:1      | 203 ||| DROPPING +0 club.
   259 | D:1      | Reached XP level 2. HP: 19/19 MP: 2/2
   640 | D:1      | 640 ||| UPGRADING to +0 chain mail.
   650 | D:1      | 650 ||| DROPPING +0 scale mail.
   651 | D:1      | 651 ||| READING scroll labelled NAYFET OTUTEGI.
   652 | D:1      | 652 ||| READING scroll labelled FIGUIQ JEOTA.
   690 | D:2      | 690 ||| STAIRDANCE
   700 | D:2      | 700 ||| STAIRDANCE
   885 | D:2      | Reached skill level 3 in Axes
   893 | D:2      | Reached XP level 3. HP: 12/23 MP: 3/3
   912 | D:2      | 912 ||| Stepping ~*~*~tactically~*~*~ (stealth).
   971 | D:2      | Found a shimmering blue altar of Sif Muna.
  1148 | D:2      | 1148 ||| UPGRADING to +0 plate armour.
  1158 | D:2      | 1158 ||| DROPPING +0 chain mail.
  1203 | D:2      | 1203 ||| UPGRADING to +0 cloak.
  1226 | D:2      | 1226 ||| Stepping ~*~*~tactically~*~*~ (stealth).
  1309 | D:2      | 1309 ||| READING scroll labelled VAEXKAGUWO.
  1310 | D:2      | 1310 ||| DROPPING +0 whip.
  1311 | D:2      | 1311 ||| READING scroll labelled IFUDAOG SALAIMOIWA.
  1319 | D:2      | 1319 ||| Stepping ~*~*~tactically~*~*~ (stealth).
  1352 | D:3      | Found a burning altar of Makhleb.
  1354 | D:3      | Identified the +5 whip "Killer Klown's Bane" {flame, rPois
                  | rC++ rN+ Dex-4}
  1379 | D:3      | 1379 ||| READING scroll of brand weapon.
  1379 | D:3      | 1379 ||| BRANDING +0 war axe of flaming.
  1410 | D:3      | Noticed Grinder
  1411 | D:3      | 1411 ||| Stepping ~*~*~tactically~*~*~ (hiding).
  1422 | D:3      | Killed Grinder
  1423 | D:3      | Reached skill level 5 in Axes
  1423 | D:3      | Reached XP level 4. HP: 14/28 MP: 4/4
  1423 | D:3      | Reached XP level 5. HP: 16/32 MP: 5/5
  1423 | D:3      | Reached XP level 6. HP: 18/37 MP: 6/6
  1445 | D:3      | 1445 ||| FLEEEEING.
  1570 | D:3      | Found a shimmering altar of Xom.
  1571 | D:3      | Found a hazy altar of Hepliaklqana.
  1572 | D:3      | Noticed a spectral ugly thing
  1596 | D:3      | Noticed Jessica
  1597 | D:3      | 1597 ||| Stepping ~*~*~tactically~*~*~ (hiding).
  1603 | D:3      | Killed Jessica
  1750 | D:3      | Noticed Sigmund
  1751 | D:3      | Noticed an ice beast
  1752 | D:3      | Noticed Ijyb
  1758 | D:3      | Killed an ice beast
  1759 | D:3      | Killed Sigmund
  1760 | D:3      | Reached skill level 6 in Axes
  1760 | D:3      | Reached XP level 7. HP: 37/44 MP: 7/7
  1767 | D:3      | Killed Ijyb
  1857 | D:3      | Found a faded altar of an unknown god.
  1893 | D:3      | 1893 ||| Stepping ~*~*~tactically~*~*~ (stealth).
  1963 | D:3      | 1963 ||| Stepping ~*~*~tactically~*~*~ (stealth).
  2106 | D:3      | 2106 ||| DRINKING 2 cyan potions.
  2107 | D:3      | 2107 ||| DRINKING 2 pink potions.
  2108 | D:3      | 2108 ||| DRINKING 2 glowing silvery potions.
  2109 | D:3      | 2109 ||| DRINKING potion of curing.
  2109 | D:3      | 2109 ||| (to cure confusion)
  2110 | D:3      | 2110 ||| DROPPING potion of brilliance.
  2111 | D:3      | 2111 ||| DROPPING potion of ambrosia.
  2283 | D:4      | Reached skill level 7 in Axes
  2306 | D:4      | 2306 ||| READING scroll of enchant armour.
  2306 | D:4      | 2306 ||| ENCHANTING +0 cloak.
  2348 | D:4      | Noticed a steam dragon
  2349 | D:4      | 2349 ||| Stepping ~*~*~tactically~*~*~ (stealth).
  2350 | D:4      | 2350 ||| Stepping ~*~*~tactically~*~*~ (stealth).
  2351 | D:4      | 2351 ||| Stepping ~*~*~tactically~*~*~ (stealth).
  2360 | D:4      | Killed a steam dragon
  2361 | D:4      | Reached XP level 8. HP: 51/51 MP: 8/8
  2413 | D:4      | 2413 ||| Stepping ~*~*~tactically~*~*~ (stealth).
  2571 | D:4      | 2571 ||| Stepping ~*~*~tactically~*~*~ (stealth).
  2573 | D:4      | 2573 ||| Stepping ~*~*~tactically~*~*~ (stealth).
  2575 | D:4      | 2575 ||| Stepping ~*~*~tactically~*~*~ (stealth).
  2576 | D:4      | 2576 ||| Stepping ~*~*~tactically~*~*~ (stealth).
  2577 | D:4      | 2577 ||| Stepping ~*~*~tactically~*~*~ (stealth).
  2578 | D:4      | 2578 ||| Stepping ~*~*~tactically~*~*~ (stealth).
  2579 | D:4      | 2579 ||| Stepping ~*~*~tactically~*~*~ (stealth).
  2584 | D:4      | Reached skill level 1 in Dodging
  2757 | D:4      | 2757 ||| READING scroll labelled ETEMA ZOXOXZANN.
  2776 | D:5      | Entered Level 5 of the Dungeon
  2837 | D:5      | Found a staircase to the Ecumenical Temple.
  2838 | D:5      | 2838 ||| PLANNING TEMPLE
  2846 | Temple   | Entered the Ecumenical Temple
  2985 | Temple   | 2985 ||| PLANNING OKAWARU WORSHIP
  3067 | Temple   | Became a worshipper of Warmaster Okawaru
  3067 | Temple   | 3067 ||| PLANNING D:1-11
  3140 | D:5      | Found a broken altar of Ashenzari.
  3160 | D:5      | 3160 ||| Stepping ~*~*~tactically~*~*~ (stealth).
  3162 | D:5      | 3162 ||| Stepping ~*~*~tactically~*~*~ (hiding).
  3184 | D:5      | 3184 ||| SWAPPING to +1 war axe of freezing.
  3185 | D:5      | 3185 ||| DROPPING +0 war axe of draining.
  3299 | D:5      | Found Neocaa's Jewellery Emporium.
  3308 | D:5      | 3308 ||| SHOPLISTING amulet of faith (440 gold, have 278).
  3308 | D:5      | 3308 ||| BUYING ring of ice (275 gold).
  3308 | D:5      | Bought a ring of ice for 275 gold pieces
  3308 | D:5      | 3308 ||| SHOPLISTING ring of protection from cold (275
                  | gold, have 3).
  3308 | D:5      | 3308 ||| SHOPLISTING ring of protection from fire (275
                  | gold, have 3).
  3308 | D:5      | 3308 ||| SHOPLISTING ring of see invisible (165 gold, have
                  | 3).
  3343 | D:5      | 3343 ||| READING scroll of brand weapon.
  3343 | D:5      | 3343 ||| BRANDING +1 war axe of freezing.
  3384 | D:5      | 3384 ||| Stepping ~*~*~tactically~*~*~ (hiding).
  3586 | D:5      | Reached skill level 8 in Axes
  3735 | D:5      | 3735 ||| READING scroll labelled HUSIYNWURURGH.
  3736 | D:5      | 3736 ||| READING scroll labelled CYESYA ZYIFURA.
  3737 | D:5      | 3737 ||| READING scroll labelled ZEN SIURISEBB.
  3773 | D:6      | Reached skill level 6 in Fighting
  3778 | D:6      | 3778 ||| Stepping ~*~*~tactically~*~*~ (stealth).
  3832 | D:6      | Reached * piety under Okawaru
  3837 | D:6      | 3837 ||| INVOKING Heroism.
  3938 | D:6      | Reached XP level 9. HP: 55/55 MP: 9/9
  3975 | D:6      | 3975 ||| INVOKING Heroism.
  3977 | D:6      | Reached skill level 9 in Axes
  4056 | D:6      | Found a hide-covered altar of Uskayaw.
  4111 | D:6      | 4111 ||| INVOKING Heroism.
  4170 | D:6      | 4170 ||| Stepping ~*~*~tactically~*~*~ (hiding).
  4185 | D:6      | 4185 ||| DROPPING +2 flail of draining.
  4186 | D:6      | 4186 ||| DROPPING +5 whip "Killer Klown's Bane" {flame,
                  | rPois rC++ rN+ Dex-4}.
  4214 | D:6      | 4214 ||| Stepping ~*~*~tactically~*~*~ (cloud).
  4432 | D:6      | 4432 ||| DROPPING orb of wrath.
  4433 | D:6      | 4433 ||| UPGRADING to ring of positive energy.
  4499 | D:7      | Found a sacrificial altar of Ru.
  4561 | D:7      | Reached skill level 1 in Invocations
  4662 | D:7      | 4662 ||| Stepping ~*~*~tactically~*~*~ (hiding).
  4687 | D:7      | 4687 ||| INVOKING Heroism.
  4699 | D:7      | 4699 ||| Stepping ~*~*~tactically~*~*~ (stealth).
  4708 | D:7      | 4708 ||| INVOKING Heroism.
  4713 | D:7      | Reached skill level 3 in Invocations
  4771 | D:7      | Noticed a cyclops
  4772 | D:7      | 4772 ||| FLEEEEING.
  4875 | D:7      | 4875 ||| Stepping ~*~*~tactically~*~*~ (hiding).
  4876 | D:7      | 4876 ||| Stepping ~*~*~tactically~*~*~ (hiding).
  4999 | D:7      | 4999 ||| INVOKING Heroism.
  5010 | D:7      | Killed a cyclops
  5046 | D:7      | Found Axecacil's Book Shop.
  5058 | D:7      | Noticed Joseph
  5059 | D:7      | 5059 ||| Stepping ~*~*~tactically~*~*~ (hiding).
  5074 | D:7      | 5074 ||| INVOKING Heroism.
  5076 | D:7      | Killed Joseph
  5421 | D:7      | Reached ** piety under Okawaru
  5422 | D:7      | Reached skill level 1 in Throwing
  5422 | D:7      | Reached XP level 10. HP: 51/63 MP: 13/13
  5472 | D:7      | 5472 ||| READING scroll of enchant armour.
  5472 | D:7      | 5472 ||| ENCHANTING +1 cloak.
  5756 | D:7      | 5756 ||| DRINKING 3 silvery potions.
  5861 | D:7      | 5861 ||| DRINKING 2 coppery potions.
  5862 | D:7      | 5862 ||| READING 9 scrolls of identify.
  5862 | D:7      | 5862 ||| IDENTIFYING purple potion
  5863 | D:7      | 5863 ||| READING 8 scrolls of identify.
  5863 | D:7      | 5863 ||| IDENTIFYING clear potion
  5864 | D:7      | 5864 ||| READING 7 scrolls of identify.
  5864 | D:7      | 5864 ||| IDENTIFYING emerald potion
  5865 | D:7      | 5865 ||| READING 6 scrolls of identify.
  5865 | D:7      | 5865 ||| IDENTIFYING lumpy yellow potion
  5866 | D:7      | 5866 ||| READING 5 scrolls of identify.
  5866 | D:7      | 5866 ||| IDENTIFYING glowing purple potion
  5867 | D:7      | 5867 ||| READING 4 scrolls of identify.
  5867 | D:7      | 5867 ||| IDENTIFYING fizzy coppery potion
  5868 | D:7      | 5868 ||| DROPPING 2 potions of berserk rage.
  5869 | D:7      | 5869 ||| DROPPING potion of invisibility.
  5870 | D:7      | 5870 ||| DROPPING potion of degeneration.
  6082 | D:8      | 6082 ||| Stepping ~*~*~tactically~*~*~ (stealth).
  6084 | D:8      | 6084 ||| Stepping ~*~*~tactically~*~*~ (hiding).
  6113 | D:8      | 6113 ||| Stepping ~*~*~tactically~*~*~ (stealth).
  6117 | D:8      | 6117 ||| Stepping ~*~*~tactically~*~*~ (stealth).
  6141 | D:8      | 6141 ||| Stepping ~*~*~tactically~*~*~ (hiding).
  6171 | D:8      | 6171 ||| READING scroll of enchant armour.
  6171 | D:8      | 6171 ||| ENCHANTING +0 plate armour.
  6439 | D:8      | 6439 ||| READING scroll labelled WIAPRU WIAM.
  6440 | D:8      | 6440 ||| READING scroll labelled RITTOC YKKI.
  6534 | D:9      | Noticed Prince Ribbit
  6535 | D:9      | 6535 ||| Stepping ~*~*~tactically~*~*~ (stealth).
  6546 | D:9      | Killed Prince Ribbit
  6547 | D:9      | Reached skill level 10 in Axes
  6682 | D:9      | Found an opulent altar of Gozag.
  6814 | D:9      | Found Turchig's General Store.
  6823 | D:9      | 6823 ||| BUYING scroll of identify (28 gold).
  6823 | D:9      | Bought a scroll of identify for 28 gold pieces
  7043 | D:9      | Noticed a two-headed ogre
  7045 | D:9      | 7045 ||| INVOKING Heroism.
  7054 | D:9      | Killed a two-headed ogre
  7086 | D:9      | 7086 ||| UPGRADING to +0 helmet.
  7091 | D:9      | 7091 ||| DROPPING +6 ring of intelligence.
  7092 | D:9      | 7092 ||| UPGRADING to ring of willpower.
  7093 | D:9      | 7093 ||| READING 2 scrolls labelled IGRAILUDWAOWN.
  7094 | D:9      | 7094 ||| READING scroll labelled FARYNI NEMIDOGAL.
  7095 | D:9      | 7095 ||| READING 6 scrolls of identify.
  7095 | D:9      | 7095 ||| IDENTIFYING fizzy white potion
  7096 | D:9      | 7096 ||| DROPPING scroll of fear.
  7128 | D:10     | Entered Level 10 of the Dungeon
  7146 | D:10     | Found a snail-covered altar of Cheibriados.
  7150 | D:10     | Found a radiant altar of Vehumet.
  7151 | D:10     | Noticed Gastronok
  7152 | D:10     | 7152 ||| Stepping ~*~*~tactically~*~*~ (hiding).
  7155 | D:10     | 7155 ||| Stepping ~*~*~tactically~*~*~ (hiding).
  7159 | D:10     | 7159 ||| INVOKING Heroism.
  7176 | D:10     | Killed Gastronok
  7176 | D:10     | Reached *** piety under Okawaru
  7177 | D:10     | Reached skill level 11 in Axes
  7387 | D:10     | Reached XP level 11. HP: 69/69 MP: 14/14
  7387 | D:10     | 7387 ||| Stepping ~*~*~tactically~*~*~ (stealth).
  7407 | D:10     | Noticed a two-headed ogre
  7408 | D:10     | 7408 ||| INVOKING Heroism.
  7414 | D:10     | Killed a two-headed ogre
  7414 | D:10     | Reached **** piety under Okawaru
  7415 | D:10     | Reached skill level 9 in Fighting
  7491 | D:10     | 7491 ||| Stepping ~*~*~tactically~*~*~ (stealth).
  7493 | D:10     | 7493 ||| Stepping ~*~*~tactically~*~*~ (stealth).
  7545 | D:10     | Noticed a two-headed ogre
  7546 | D:10     | 7546 ||| INVOKING Heroism.
  7553 | D:10     | Killed a two-headed ogre
  7667 | D:10     | Found a staircase to the Lair.
  7708 | D:10     | 7708 ||| INVOKING Heroism.
  7824 | D:10     | Found Ugu Bus's Mayhem Merchandise.
  7833 | D:10     | 7833 ||| BUYING +2 war axe of holy wrath (274 gold).
  7833 | D:10     | Bought a +2 war axe of holy wrath for 274 gold pieces
  7991 | D:10     | 7991 ||| PLANNING LAIR
  7991 | D:10     | 7991 ||| UPGRADING to amulet of reflection.
  7996 | D:10     | 7996 ||| READING 5 scrolls of identify.
  7996 | D:10     | 7996 ||| IDENTIFYING viscous yellow potion
  7997 | D:10     | 7997 ||| DROPPING potion of flight.
  8018 | Lair:1   | Entered Level 1 of the Lair of Beasts
  8019 | Lair:1   | 8019 ||| PLANNING GAUNTLET
  8047 | Lair:1   | 8047 ||| INVOKING Heroism.
  8098 | Lair:1   | Noticed a five-headed hydra
  8099 | Lair:1   | 8099 ||| INVOKING Heroism.
  8106 | Lair:1   | Received a gift from Okawaru
  8107 | Lair:1   | Reached skill level 6 in Invocations
  8107 | Lair:1   | 8107 ||| SWAPPING to +0 morningstar.
  8115 | Lair:1   | Killed a five-headed hydra
  8116 | Lair:1   | 8116 ||| SWAPPING to +2 war axe of protection.
  8159 | Lair:1   | Noticed a boulder beetle
  8160 | Lair:1   | 8160 ||| INVOKING Heroism.
  8176 | Lair:1   | Killed a boulder beetle
  8250 | Lair:1   | 8250 ||| Stepping ~*~*~tactically~*~*~ (stealth).
  8251 | Lair:1   | 8251 ||| Stepping ~*~*~tactically~*~*~ (stealth).
  8252 | Lair:1   | 8252 ||| Stepping ~*~*~tactically~*~*~ (stealth).
  8253 | Lair:1   | 8253 ||| INVOKING Heroism.
  8290 | Lair:1   | 8290 ||| READING scroll of enchant weapon.
  8290 | Lair:1   | 8290 ||| ENCHANTING +2 war axe of protection.
  8336 | Lair:1   | 8336 ||| INVOKING Heroism.
  8349 | Lair:1   | Reached skill level 12 in Axes
  8373 | Lair:1   | Reached ***** piety under Okawaru
  8434 | Lair:1   | Found a gate leading to a gauntlet.
  8435 | Lair:1   | 8435 ||| READING scroll labelled QAT QUSOERE.
  8444 | Gauntlet | Entered a Gauntlet
  8444 | Gauntlet | Noticed a fire crab
  8444 | Gauntlet | Found a transporter.
  8454 | Gauntlet | Found a transporter.
  8459 | Gauntlet | Found a runed translucent door.
  8462 | Gauntlet | Found a runed translucent door.
  8464 | Gauntlet | Found a transporter.
  8467 | Gauntlet | Found a transporter.
  8471 | Gauntlet | Found a runed translucent door.
  8472 | Gauntlet | Found a runed translucent door.
  8475 | Gauntlet | Found a transporter.
  8488 | Gauntlet | Found a runed translucent door.
  8492 | Gauntlet | Found a transporter.
  8498 | Gauntlet | Noticed a wolf spider
  8502 | Gauntlet | Found a transporter.
  8509 | Gauntlet | Noticed a balrug
  8509 | Gauntlet | Noticed an entropy weaver
  8513 | Gauntlet | Found a transporter.
  8514 | Gauntlet | Noticed an entropy weaver
  8528 | Gauntlet | Found a transporter.
  8539 | Gauntlet | Noticed a necromancer
  8541 | Gauntlet | Found a transporter.
  8541 | Gauntlet | Found a transporter.
  8582 | Gauntlet | Found a transporter.
  8600 | Gauntlet | Found a transporter.
  8613 | Gauntlet | Found a transporter.
  8706 | Gauntlet | 8706 ||| INVOKING Heroism.
  8707 | Gauntlet | HP: 16/71 [fire crab] (13)]
  8708 | Gauntlet | 8708 ||| DRINKING 4 potions of heal wounds.
  8714 | Gauntlet | HP: 15/71 [fire crab (10)]
  8714 | Gauntlet | HP: 2/71 [fire crab (13)]
  8715 | Gauntlet | Reached XP level 12. HP: 2/76 MP: 15/17
  8715 | Gauntlet | 8715 ||| DRINKING 3 potions of heal wounds.
  8720 | Gauntlet | Reached skill level 6 in Shields
  8960 | Gauntlet | 8960 ||| READING scroll of enchant armour.
  8960 | Gauntlet | 8960 ||| ENCHANTING +0 helmet.
  8977 | Gauntlet | HP: 18/76 [balrug/bolt of fire (30)]
  8978 | Gauntlet | 8978 ||| DRINKING 2 potions of heal wounds.
  8979 | Gauntlet | 8979 ||| INVOKING Heroism.
  8980 | Gauntlet | Mangled by a balrug

Levels and vault maps discovered:
D:1:      spicycebolla_arrival_risky_transporter, layout_basic, serial_shops,
          nicolae_shop_bloodbath_and_beyond, minmay_tetromino_s4
D:2:      layout_rooms, serial_rivers, chequers_serial_rivers_small_b,
          chequers_serial_rivers_micro_e, chequers_serial_rivers_small_3,
          chequers_serial_rivers_marsh, basic_altar
D:3:      layout_rooms, regret_index_temple_of_mockery, bloody_makhleb,
          chequers_ecumenical_altar_simple, small_statue_intersection,
          uniq_sigmund, uniq_grinder, uniq_jessica, uniq_ijyb
D:4:      layout_cave_pools
D:5:      layout_loops_ring, grunt_ashenzari_visionary
          [grunt_ashenzari_visionary_swamp, grunt_ashenzari_visionary_snake],
          minmay_temple_entry_statues_pillars, serial_shops, shop
D:6:      layout_cave_pools, eat_drink_and_be_merry_uskayaw,
          minmay_misc_feat_pillars
D:7:      layout_loops_ring, lemuel_coloured_pillars_altar, serial_shops,
          nicolae_book_shop_shelving, grunt_ministairs_12, nrook_pool_corridor,
          kennysheep_generic_room_6, uniq_joseph
D:8:      layout_basic, hangedman_decor_opposing, hangedman_decor_growths,
          nicolae_wwwww
D:9:      layout_basic, nicolae_gozag_cash_rules_everything_around_me,
          serial_shops, shop, serial_corexii_hall, chequers_hall_statues_wall_a,
          chequers_hall_statues_wall_a, uniq_prince_ribbit1
D:10:     layout_irregular_city, fiery_altar_vehumet, lemuel_tele_altar,
          due_lair_maze_entry_diamond, kennysheep_cluttered_room,
          kennysheep_nondescript, minmay_shop_mayhem, uniq_gastronok
Temple:   nicolae_temple_figure_eight
Lair:1:   layout_gridlike, gauntlet_entry_generic, pdpol_lair_neglected_garden,
          grunt_megastairs_5, lemuel_fruit_fields
Gauntlet: minmay_gauntlet_77_tree [minmay_gauntlet_arena_77_radiant_squares,
          minmay_gauntlet_arena_77_fan, minmay_gauntlet_arena_77_cramped,
          minmay_gauntlet_arena_77_checkered,
          minmay_gauntlet_arena_77_two_paths, minmay_gauntlet_arena_77_path,
          minmay_gauntlet_arena_77_shame_cube, gauntlet_exit_hidden_loot]

Skill      XL: |  1  2  3  4  5  6  7  8  9 10 11 12 |
---------------+-------------------------------------+-----
Axes           | 2 3 5 6 7 8 9 11 12 | 12.0
Fighting       | 4 5 6 7 8 9 |  9.4
Armour         | 4 5 7 8 |  8.4
Dodging        | 1 2 |  2.0
Shields        | 4 5 6 |  6.0
Invocations    | 4 7 8 |  8.7
Throwing       | 1 2 |  2.2

Action                     |  1- 3 |  4- 6 |  7- 9 | 10-12 || total
---------------------------+-------+-------+-------+-------++-------
  Melee: War axe           |    85 |    24 |   299 |   343 ||   751
         Morningstar       |       |       |       |     8 ||     8
  Throw: Boomerang         |       |       |       |    32 ||    32
 Invoke: Heroism           |       |       |     7 |    12 ||    19
    Use: Scroll            |     5 |       |     6 |    17 ||    28
         Potion            |       |       |     4 |     5 ||     9
 Armour: Scale mail        |    14 |       |       |       ||    14
         Chain mail        |    57 |       |       |       ||    57
         Plate armour      |     3 |    15 |   275 |   238 ||   531
  Dodge: Dodged            |    32 |     8 |    88 |    93 ||   221
  Block: Buckler           |    19 |     2 |    75 |   107 ||   203
         Reflection        |       |       |       |     1 ||     1

Table legend:
 A = Non-vault XP
 B = Vault XP
 C = Vault XP percentage of total XP
 D = Non-vault monster count
 E = Vault monster count
 F = Vault count percentage of total count
                 A         B        C        D         E       F
            +---------+---------+-------+---------+---------+-------
      Total |   11515 |    9204 |  44.4 |     170 |      37 |  17.9
            +---------+---------+-------+---------+---------+-------
        D:1 |      22 |       2 |   8.3 |      13 |       1 |   7.1
        D:2 |      45 |       0 |   0.0 |      16 |       0 |   0.0
        D:3 |     164 |     563 |  77.4 |      15 |       4 |  21.1
        D:4 |     565 |       0 |   0.0 |      25 |       0 |   0.0
        D:5 |     420 |       0 |   0.0 |      14 |       0 |   0.0
        D:6 |    1247 |       0 |   0.0 |      26 |       0 |   0.0
        D:7 |     605 |    1232 |  67.1 |      13 |       7 |  35.0
        D:8 |     638 |       0 |   0.0 |      21 |       0 |   0.0
        D:9 |    1671 |     259 |  13.4 |       9 |       1 |  10.0
       D:10 |    2144 |    3058 |  58.8 |       4 |      12 |  75.0
     Lair:1 |    3994 |    1646 |  29.2 |      14 |       3 |  17.6
   Gauntlet |       0 |    2444 | 100.0 |       0 |       9 | 100.0
            +---------+---------+-------+---------+---------+-------
